 Seeded DCSS version 0.29-a0-308-g4e025c6 (webtiles) character file.

Game seed: 5749682856977272197 (custom seed)

301 edsrzf the Skirmisher (level 6, 0/42 HPs)
             Began as a Gargoyle Delver on Mar 27, 2022.
             Was a Follower of Makhleb.
             Slain by Pikel
             ... wielding a +1 whip of freezing
              (3 damage)
             ... on level 5 of the Dungeon.
             The game lasted 00:15:26 (5021 turns).

edsrzf the Skirmisher (Gargoyle Delver)             Turns: 5021, Time: 00:15:27

Health: 0/42       AC: 13    Str: 18    XL:     6   Next: 37%
Magic:  6/6        EV: 15    Int: 10    God:    Makhleb [*.....]
Gold:   196        SH:  0    Dex: 11    Spells: 5/5 levels left

rFire   . . .      SeeInvis +   a - +0 trident
rCold   . . .      Faith    .   (no shield)
rNeg    + . .      Spirit   .   b - +0 leather armour
rPois   ∞          Reflect  .   l - +0 helmet
rElec   +          Harm     .   e - +2 cloak
rCorr   .          Rampage  .   (no gloves)
Will    .....                   m - +0 pair of boots
Stlth   +++.......              (no amulet)
HPRegen 0.14/turn               h - +4 ring of evasion
MPRegen 0.10/turn               o - ring of see invisible

@: hasted, very quick
A: sickness immunity, AC +4, negative energy resistance 1, electricity
resistance, torment resistance 1, petrification resistance
a: Renounce Religion


You were on level 5 of the Dungeon.
You worshipped Makhleb.
Makhleb was aware of your devotion.
You visited 2 branches of the dungeon, and saw 6 of its levels.

You collected 196 gold pieces.

Inventory:

Hand Weapons
 a - a +0 trident (weapon)
Missiles
 q - 5 boomerangs (quivered)
Armour
 b - a +0 leather armour (worn)
 e - a +2 cloak (worn)
 l - a +0 helmet (worn)
 m - a +0 pair of boots (worn)
Jewellery
 h - a +4 ring of evasion (left hand)
 o - a ring of see invisible (right hand)
Wands
 g - a wand of digging (11)
Scrolls
 c - a scroll of fog
 k - a scroll of amnesia
 n - a scroll of teleportation {unknown}
 p - a scroll of vulnerability {unknown}
 r - a scroll of immolation {unknown}
 t - a scroll of magic mapping
Potions
 i - a potion of attraction
 s - a potion of resistance


   Skills:
 + Level 6.3 Fighting
 - Level 1.7 Polearms
 + Level 3.9 Armour
 - Level 1.5 Dodging
 - Level 5.4 Stealth


You had 5 spell levels left.
You didn't know any spells.
Your spell library contained the following spells:

 Spells                   Type           Power      Damage    Failure   Level
 Animate Skeleton         Necr           0%         N/A       41%         1
 Apportation              Tloc           0%         N/A       41%         1
 Pain                     Necr           0%         1d4       41%         1
 Summon Small Mammal      Summ           0%         N/A       41%         1
 Vampiric Draining        Necr           0%         2d6       80%         3


Dungeon Overview and Level Annotations

Branches:
Dungeon (5/15)             Temple (1/1) D:5

Altars:
Ashenzari
Cheibriados
Dithmenos
Elyvilon
Fedhas
Hepliaklqana
Kikubaaqudgha
Makhleb
Nemelex Xobeh
Okawaru
Qazlal
Ru
Sif Muna
Trog
Xom
Zin
The Shining One

Annotations:
D:3 3 runed translucent doors, Duskembrace's ghost, amateur TeFi; Sigmund
D:5 exclusion: ogre, Pikel


Innate Abilities, Weirdness & Mutations

You are immune to sickness and miasma.
Your stone body is resilient. (AC +4)
You are immune to poison.
You resist negative energy. (rN+)
You are resistant to electric shocks. (rElec)
You are resistant to unholy torment.
You are immune to petrification.


Message History

Pikel hits you but does no damage.
Pikel hits you with a +1 whip of freezing.
Pikel freezes you.
You feel yourself slow down.
Pikel hits you with a +1 whip of freezing.
* * * LOW HITPOINT WARNING * * *
Pikel freezes you.
* * * LOW HITPOINT WARNING * * *
You can move again.
Unknown command.
You feel better.
Pikel says, "Hell isn't that bad."
Pikel completely misses you.
You hit Pikel.
Pikel is severely wounded.
Pikel barely misses you.
You completely miss Pikel.
Pikel is severely wounded.
Pikel hits you with a +1 whip of freezing.
Pikel freezes you. Pikel misses you.
Press: ? - help, v - describe, . - travel
Here: Pikel, wielding a +1 whip of freezing and wearing a +0 robe (severely wounded)
The floor.
It was a potion of attraction.
You feel attractive to monsters.
Pikel hits you with a +1 whip of freezing.
* * * LOW HITPOINT WARNING * * *
Pikel freezes you.
* * * LOW HITPOINT WARNING * * *
Okay, then.
As you read the scroll of fear, it crumbles to dust.
You assume a fearsome visage.
Pikel looks frightened!
Pikel is attracted toward you. Pikel is attracted toward you.
You climb upwards.
There is a stone staircase leading down here.
You start resting.
You feel less attractive to monsters.
Unknown command.
Okay, then.
You start resting.
You can no longer harness Makhleb's destructive might.
You climb downwards.
Level annotation: exclusion: ogre, Pikel
There is a stone staircase leading up here.
You feel yourself speed up. Pikel barely misses you.
You hit Pikel.
Pikel is heavily wounded.
Pikel closely misses you.
You hit Pikel but do no damage.
Pikel is heavily wounded.
Pikel hits you with a +1 whip of freezing.
Pikel freezes you.
You hit Pikel.
Pikel is heavily wounded.
Pikel hits you but does no damage.
You barely miss Pikel.
Pikel is heavily wounded.
You puncture Pikel!
Pikel is severely wounded.
Pikel hits you but does no damage.
You barely miss Pikel.
Pikel is severely wounded.
Pikel hits you but does no damage.
You hit Pikel. You punch Pikel, but do no damage.
Pikel is severely wounded.
Pikel closely misses you.
You hit Pikel but do no damage.
Pikel is severely wounded.
Pikel barely misses you.
You hit Pikel but do no damage.
Pikel is severely wounded.
You closely miss Pikel.
Pikel is severely wounded.
Pikel hits you but does no damage.
You hit Pikel.
Pikel is severely wounded.
Pikel says, "Hell isn't that bad."
Pikel hits you but does no damage.
You closely miss Pikel.
Pikel is severely wounded.
Pikel hits you with a +1 whip of freezing.
Pikel freezes you.
You hit Pikel but do no damage.
Pikel is severely wounded.
Pikel hits you but does no damage.
You closely miss Pikel.
Pikel is severely wounded.
You completely miss Pikel.
Pikel is severely wounded.
Pikel barely misses you.
You closely miss Pikel.
Pikel is severely wounded.
Pikel closely misses you.
You barely miss Pikel.
Pikel is severely wounded.
Pikel hits you with a +1 whip of freezing!
* * * LOW HITPOINT WARNING * * *
Pikel freezes you.
You die...

. .. ...
#########....
#...K.#.>.#.#
..K.(###.......#
... #.#####.# .
#.#@K.#. #.###.#.
#..K..#. ##
#######.######...
..#.....r..
######.#....#######
#..$...#.####.....#
#.$.......†........
######.##########..


You could see Pikel.

Vanquished Creatures
  An acid dragon (D:4)
  An orc priest (D:3)
  Robin (D:2)
  4 adders
  A white imp (D:3)
  A worm (D:5)
  4 dart slugs
  11 orcs
  5 bats
  3 endoplasms
  2 giant cockroaches
  11 hobgoblins
  6 quokkas
  4 ball pythons
  2 frilled lizards (D:1)
  16 goblins
  8 kobolds
  3 rats
84 creatures vanquished.

Notes
Turn   | Place    | Note
-------+----------+-------------------------------------------
     0 | D:5      | edsrzf the Gargoyle Delver began the quest for the Orb.
     0 | D:5      | Reached XP level 1. HP: 14/14 MP: 1/1
    92 | D:5      | Noticed an orc wizard
   111 | D:5      | Found a staircase to the Ecumenical Temple.
   114 | D:5      | Reached XP level 2. HP: 15/20 MP: 2/2
   122 | Temple   | Entered the Ecumenical Temple
   373 | Temple   | Became a worshipper of Makhleb the Destroyer
   390 | D:5      | Noticed an ogre
   415 | D:5      | Reached skill level 4 in Fighting
   695 | D:5      | Noticed a lemure
   695 | D:5      | Noticed a lemure
   695 | D:5      | Noticed a lemure
   696 | D:5      | Noticed Pikel
   696 | D:5      | Noticed a lemure
   697 | D:5      | Noticed an acid dragon
   992 | D:3      | Identified a scroll of identify
  1365 | D:2      | Reached XP level 3. HP: 24/24 MP: 3/3
  1743 | D:1      | Reached skill level 5 in Fighting
  1843 | D:1      | Found a faded altar of an unknown god.
  1951 | D:2      | Reached skill level 1 in Armour
  2039 | D:2      | Noticed Robin
  2050 | D:2      | Reached XP level 4. HP: 31/31 MP: 4/4
  2073 | D:2      | Reached * piety under Makhleb
  2101 | D:2      | Identified 2 scrolls of amnesia
  2103 | D:2      | Identified a scroll of enchant armour
  2449 | D:2      | Killed Robin
  2833 | D:3      | Reached skill level 2 in Armour
  2833 | D:3      | Reached XP level 5. HP: 22/35 MP: 5/5
  3020 | D:3      | Found a runed translucent gate.
  3020 | D:3      | Found a runed translucent gate.
  3029 | D:3      | Found a runed translucent gate.
  3034 | D:3      | Noticed Duskembrace's ghost (amateur TeFi)
  3089 | D:3      | Noticed Sigmund
  3233 | D:3      | Identified a potion of lignification
  4255 | D:4      | Reached skill level 3 in Armour
  4317 | D:4      | Killed an acid dragon
  4318 | D:4      | Reached skill level 6 in Fighting
  4318 | D:4      | Reached XP level 6. HP: 34/42 MP: 6/6
  4475 | D:4      | Found an iron altar of Okawaru.
  4753 | D:5      | Reached ** piety under Makhleb
  4854 | D:5      | Paralysed by Pikel for 6 turns
  4866 | D:5      | Paralysed by Pikel for 5 turns
  4875 | D:5      | Identified 4 potions of curing
  4876 | D:5      | Paralysed by Pikel for 2 turns
  4883 | D:5      | Paralysed by Pikel for 7 turns
  4894 | D:5      | Identified 2 potions of attraction
  5021 | D:5      | Slain by Pikel

Illustrated notes

Levels and vault maps discovered:
D:1:      grunt_arrival_crossed_arrows, layout_loops_ring,
          hellmonk_ecumenical_altar_inner_sanctum, minivault_14
D:2:      layout_rooms, nicolae_figureground_pulse, uniq_robin
D:3:      layout_loops_corners, gammafunk_ghost_necromancy,
          small_statue_intersection, kennysheep_generic_room_11, uniq_sigmund
D:4:      layout_loops_ring, kennysheep_okawaru_gauntlet
D:5:      minmay_angry_zag, layout_basic, minmay_temple_entry_tees, uniq_pikel
Temple:   eino_temple_rhombus

Skill      XL: |  1  2  3  4  5 |
---------------+----------------+-----
Fighting       | 4 5 6 |  6.3
Armour         | 1 2 3 |  3.9
Polearms       | |  1.7
Dodging        | |  1.5
Stealth        | |  5.4

Action                   |  1- 3 |  4- 6 || total
-------------------------+-------+-------++-------
Melee: Spear             |    38 |       ||    38
       Trident           |    65 |   236 ||   301
       Unarmed           |       |     3 ||     3
       Punch             |       |     2 ||     2
Throw: Boomerang         |       |     8 ||     8
Evoke: Wand              |     1 |       ||     1
  Use: Scroll            |     3 |     4 ||     7
       Potion            |     1 |     8 ||     9
 Stab: Sleeping          |     8 |     8 ||    16
Armor: Leather armour    |    22 |    79 ||   101
       Skin              |       |     4 ||     4
Dodge: Dodged            |    40 |   162 ||   202

Table legend: (Time is in decaauts)
 A = Elapsed time spent in this place.
 B = Non-inter-level travel time spent in this place.
 C = Inter-level travel time spent in this place.
 D = Time resting spent in this place.
 E = Time spent auto-exploring this place.
 F = Levels seen in this place.
 G = Mean time per level.
                   A        B        C        D        E       F      G
               +--------+--------+--------+--------+--------+-----+--------+
         Total |   5055 |   4932 |    123 |   1305 |   2288 |   6 |  842.5 |
       Dungeon |   4792 |   4685 |    107 |   1305 |   2055 |   5 |  958.4 |
        Temple |    262 |    246 |     16 |      0 |    233 |   1 |  262.0 |
               +--------+--------+--------+--------+--------+-----+--------+

Top non-repeatable levels by time:
     D:3: 2010 daAuts
     D:4: 980 daAuts
     D:2: 637 daAuts
     D:5: 618 daAuts
     D:1: 545 daAuts
  Temple: 262 daAuts
